PA
HAMMOND HERONS @ YELLOWKNIFE DRAGONBLOOD
07/25/2029
 
TOP OF THE 1ST
Hammond Herons batting - Pitching for Yellowknife Dragonblood : RHP Forest Stanley
Pitching: RHP Forest Stanley
Batting: RHB Guillermo Montepeque 0-0: Called Strike
0-1: Ball
1-1: Reached via error on a dropped throw, E1
Batting: LHB Raymond Dudzinski 0-0: Called Strike
0-1: Ball
1-1: Ball
2-1: SINGLE (Groundball, 4MD)
Guillermo Montepeque to second
Runner from 2nd tries for 3rd, SAFE, no throw
Batting: RHB Norm Freshwater 0-0: Ball
1-0: Called Strike
1-1: Foul Ball, location: 2F
1-2: Strikes out swinging
Batting: RHB Jong-beom Chang 0-0: Ball
1-0: Ball
2-0: Ball
3-0: Called Strike
3-1: SINGLE (Groundball, 56D)
Guillermo Montepeque scores
Raymond Dudzinski to second
Batting: RHB Landon Edwards 0-0: Called Strike
0-1: Foul Ball, location: 2F
0-2: Foul Ball, location: 2F
0-2: Ball
1-2: Strikes out swinging
Batting: RHB Spartak Gonjarov 0-0: Fly out, F7 (Flyball, 7D)
Top of the 1st over - 1 run, 2 hits, 1 error, 2 left on base; Hammond 1 - Yellowknife 0
BOTTOM OF THE 1ST
Yellowknife Dragonblood batting - Pitching for Hammond Herons : RHP Gregory Bahena
Pitching: RHP Gregory Bahena
Batting: RHB Bill Boyd 0-0: Ground out 6-3 (Groundball, 56)
Batting: RHB Juan López 0-0: Fly out, F2 (Popup, 2RF)
Batting: LHB Jayden Laming 0-0: Ground out 4-3 (Groundball, 4)
Bottom of the 1st over - 0 runs, 0 hits, 0 errors, 0 left on base; Hammond 1 - Yellowknife 0
TOP OF THE 2ND
Hammond Herons batting - Pitching for Yellowknife Dragonblood : RHP Forest Stanley
Batting: RHB Juan Laguna 0-0: Foul Ball, location: 2F
0-1: Ball
1-1: Ball
2-1: Foul Ball, location: 2F
2-2: Ball
3-2: Strikes out swinging
Batting: RHB Armando Romero 0-0: Called Strike
0-1: Foul Ball, location: 2F
0-2: Ball
1-2: Fly out, F9 (Flyball, 89S)
Batting: RHB Sean Sherman 0-0: Swinging Strike
0-1: Ball
1-1: Fly out, F6 (Popup, 6M)
Top of the 2nd over - 0 runs, 0 hits, 0 errors, 0 left on base; Hammond 1 - Yellowknife 0
BOTTOM OF THE 2ND
Yellowknife Dragonblood batting - Pitching for Hammond Herons : RHP Gregory Bahena
Batting: RHB Gilberto Clemente 0-0: SINGLE (Groundball, 34D)
Batting: LHB Santiago Miranda Pickoff Throw to First - Out!
0-0: Called Strike
0-1: Called Strike
0-2: Strikes out swinging
Batting: RHB Víctor Cuevas 0-0: Foul Ball, location: 2F
0-1: Ball
1-1: Ball
2-1: Swinging Strike
2-2: Ball
3-2: Strikes out swinging
Bottom of the 2nd over - 0 runs, 1 hit, 0 errors, 0 left on base; Hammond 1 - Yellowknife 0
TOP OF THE 3RD
Hammond Herons batting - Pitching for Yellowknife Dragonblood : RHP Forest Stanley
Batting: RHB Guillermo Montepeque 0-0: Ball
1-0: Ball
2-0: Foul Ball, location: 2F
2-1: Ball
3-1: Base on Balls
Batting: LHB Raymond Dudzinski 0-0: Ball
1-0: Called Strike
1-1: Swinging Strike
1-2: Strikes out swinging
Batting: RHB Norm Freshwater 0-0: Ball
Guillermo Montepeque is caught stealing 2nd base
1-0: Swinging Strike
1-1: Ball
2-1: Foul Ball, location: 2F
2-2: Strikes out swinging
Top of the 3rd over - 0 runs, 0 hits, 0 errors, 0 left on base; Hammond 1 - Yellowknife 0
BOTTOM OF THE 3RD
Yellowknife Dragonblood batting - Pitching for Hammond Herons : RHP Gregory Bahena
Batting: RHB Víctor Murguia 0-0: Foul Ball, location: 2F
0-1: Ball
1-1: Ball
2-1: Foul Ball, location: 2F
2-2: Strikes out swinging
Batting: RHB Cristo Cuervo 0-0: Ball
1-0: Ball
2-0: SINGLE (Flyball, 9S)
Batting: RHB Andy Garnet 0-0: Ball
1-0: Fly out, F7 (Line Drive, 78D)
Batting: RHB Bill Boyd 0-0: Called Strike
0-1: Ball
1-1: Fly out, F9 (Flyball, 89S)
Bottom of the 3rd over - 0 runs, 1 hit, 0 errors, 1 left on base; Hammond 1 - Yellowknife 0
TOP OF THE 4TH
Hammond Herons batting - Pitching for Yellowknife Dragonblood : RHP Forest Stanley
Batting: RHB Jong-beom Chang 0-0: Ball
1-0: Ball
2-0: Called Strike
2-1: Foul Ball, location: 2F
2-2: DOUBLE (Flyball, 89D)
Batting: RHB Landon Edwards 0-0: Ball
1-0: Called Strike
1-1: Swinging Strike
1-2: SINGLE (Groundball, 4MD)
Jong-beom Chang to third
Runner from 3rd tries for Home, SAFE, no throw
Batting: RHB Spartak Gonjarov 0-0: Called Strike
0-1: Swinging Strike
0-2: Fly out, F9 (Flyball, 9)
Batting: RHB Juan Laguna 0-0: Called Strike
0-1: Called Strike
0-2: Ball
1-2: DOUBLE (Line Drive, 7LS)
Landon Edwards to third
Runner from 3rd tries for Home, SAFE, no throw
Batting: RHB Armando Romero 0-0: Ball
1-0: Ball
2-0: Called Strike
2-1: Fly out, F9 (Flyball, 89M)
Batting: RHB Sean Sherman 0-0: Ball
1-0: Ball
2-0: Called Strike
2-1: Foul Ball, location: 2F
2-2: 2-RUN HOME RUN (Flyball, 78XD), Distance : 419 ft
Batting: RHB Guillermo Montepeque 0-0: Foul Ball, location: 2F
0-1: Foul Ball, location: 2F
0-2: Strikes out looking
Top of the 4th over - 4 runs, 4 hits, 0 errors, 0 left on base; Hammond 5 - Yellowknife 0
BOTTOM OF THE 4TH
Yellowknife Dragonblood batting - Pitching for Hammond Herons : RHP Gregory Bahena
Batting: RHB Juan López 0-0: Swinging Strike
0-1: Called Strike
0-2: Ball
1-2: Foul Ball, location: 2F
1-2: Strikes out looking
Batting: LHB Jayden Laming 0-0: Ground out 2-3 (Groundball, 2L)
Batting: RHB Gilberto Clemente 0-0: Ball
1-0: Called Strike
1-1: Ball
2-1: Swinging Strike
2-2: Foul Ball, location: 2F
2-2: Ball
3-2: Foul Ball, location: 2F
3-2: Strikes out swinging
Bottom of the 4th over - 0 runs, 0 hits, 0 errors, 0 left on base; Hammond 5 - Yellowknife 0
TOP OF THE 5TH
Hammond Herons batting - Pitching for Yellowknife Dragonblood : RHP Forest Stanley
Batting: LHB Raymond Dudzinski 0-0: Ball
1-0: Ball
2-0: Fly out, F9 (Flyball, 89M)
Batting: RHB Norm Freshwater 0-0: SINGLE (Flyball, 89S)
Batting: RHB Jong-beom Chang 0-0: Ball
1-0: Ball
2-0: Foul Ball, location: 2F
2-1: Ball
3-1: Foul Ball, location: 2F
3-2: Foul Ball, location: 2F
3-2: Foul Ball, location: 2F
3-2: Fly out, F9 (Flyball, 9LDF)
Batting: RHB Landon Edwards 0-0: Swinging Strike
0-1: Fly out, F3 (Popup, 3SF)
Top of the 5th over - 0 runs, 1 hit, 0 errors, 1 left on base; Hammond 5 - Yellowknife 0
BOTTOM OF THE 5TH
Yellowknife Dragonblood batting - Pitching for Hammond Herons : RHP Gregory Bahena
Batting: LHB Santiago Miranda 0-0: Ball
1-0: Foul Ball, location: 2F
1-1: Fly out, F8 (Flyball, 8LS)
Batting: RHB Víctor Cuevas 0-0: Foul Ball, location: 2F
0-1: Called Strike
0-2: Strikes out swinging
Batting: RHB Víctor Murguia 0-0: Fly out, F9 (Flyball, 9)
Bottom of the 5th over - 0 runs, 0 hits, 0 errors, 0 left on base; Hammond 5 - Yellowknife 0
TOP OF THE 6TH
Hammond Herons batting - Pitching for Yellowknife Dragonblood : RHP Forest Stanley
Batting: RHB Spartak Gonjarov 0-0: Ball
1-0: Ball
2-0: Called Strike
2-1: Ball
3-1: Base on Balls
Batting: RHB Juan Laguna 0-0: Ball
1-0: Ball
2-0: SINGLE (Flyball, 89S)
Spartak Gonjarov to second
Runner from 2nd tries for 3rd, OUT!
Juan Laguna to second
Pitching: LHP Tony Torres
Batting: RHB Armando Romero 0-0: Ball
1-0: Foul Ball, location: 2F
1-1: Called Strike
1-2: Ball
2-2: Strikes out looking
Batting: RHB Sean Sherman 0-0: Ball
1-0: Fly out, F7 (Flyball, 7S)
Top of the 6th over - 0 runs, 1 hit, 0 errors, 1 left on base; Hammond 5 - Yellowknife 0
BOTTOM OF THE 6TH
Yellowknife Dragonblood batting - Pitching for Hammond Herons : RHP Gregory Bahena
Batting: RHB Cristo Cuervo 0-0: Called Strike
0-1: Ball
1-1: Ball
2-1: SINGLE (Groundball, 6MD)
Batting: RHB Andy Garnet 0-0: Ball
1-0: Ball
2-0: Called Strike
2-1: Grounds into double play, 6-4-3 (Groundball, 6M)
Batting: RHB Bill Boyd 0-0: Ball
1-0: Called Strike
1-1: Foul Ball, location: 2F
1-2: Ball
2-2: Strikes out looking
Bottom of the 6th over - 0 runs, 1 hit, 0 errors, 0 left on base; Hammond 5 - Yellowknife 0
TOP OF THE 7TH
Hammond Herons batting - Pitching for Yellowknife Dragonblood : LHP Tony Torres
Batting: RHB Guillermo Montepeque 0-0: Ball
1-0: Swinging Strike
1-1: Ball
2-1: SINGLE (Groundball, 3D)
Pitching: LHP Roberto Muñóz
Batting: LHB Raymond Dudzinski 0-0: Swinging Strike
0-1: Called Strike
0-2: Foul Ball, location: 2F
0-2: Ball
1-2: Foul Ball, location: 2F
1-2: Strikes out swinging
Batting: RHB Norm Freshwater 0-0: Called Strike
0-1: Ball
1-1: Ball
2-1: Foul Ball, location: 2F
2-2: Ball
3-2: Fly out, F8 (Line Drive, 89M)
Batting: RHB Jong-beom Chang 0-0: Called Strike
0-1: Swinging Strike
0-2: Fly out, F8 (Flyball, 8LD)
Top of the 7th over - 0 runs, 1 hit, 0 errors, 1 left on base; Hammond 5 - Yellowknife 0
BOTTOM OF THE 7TH
Yellowknife Dragonblood batting - Pitching for Hammond Herons : RHP Gregory Bahena
Batting: RHB Juan López 0-0: Called Strike
0-1: Foul Ball, location: 2F
0-2: Foul Ball, location: 2F
0-2: Ball
1-2: Fly out, F7 (Flyball, 7S)
Batting: LHB Jayden Laming 0-0: Ball
1-0: SINGLE (Line Drive, 7S)
Batting: RHB Gilberto Clemente 0-0: Called Strike
Jayden Laming steals 2nd base
0-1: SINGLE (Flyball, 8RS)
Jayden Laming to third
Runner from 3rd tries for Home, SAFE, throw made home
Batting: LHB Santiago Miranda 0-0: Called Strike
0-1: Ball
1-1: Ball
2-1: Fly out, F7 (Flyball, 7D)
Batting: RHB Víctor Cuevas 0-0: Ball
1-0: Called Strike
1-1: Ball
2-1: Foul Ball, location: 2F
2-2: Ball
3-2: Base on Balls
Gilberto Clemente to second
Batting: RHB Víctor Murguia 0-0: Swinging Strike
0-1: Foul Ball, location: 2F
0-2: Ball
1-2: Strikes out looking
Bottom of the 7th over - 1 run, 2 hits, 0 errors, 2 left on base; Hammond 5 - Yellowknife 1
TOP OF THE 8TH
Hammond Herons batting - Pitching for Yellowknife Dragonblood : LHP Roberto Muñóz
Batting: RHB Landon Edwards 0-0: Called Strike
0-1: Foul Ball, location: 2F
0-2: Foul Ball, location: 2F
0-2: Strikes out looking
Batting: RHB Spartak Gonjarov 0-0: Ball
1-0: Swinging Strike
1-1: Foul Ball, location: 2F
1-2: Strikes out looking
Batting: RHB Juan Laguna 0-0: Foul Ball, location: 2F
0-1: Ball
1-1: Ball
2-1: DOUBLE (Line Drive, 7LD)
Batting: RHB Armando Romero 0-0: Ball
1-0: Ball
2-0: Ball
3-0: Called Strike
3-1: Base on Balls
Batting: RHB Sean Sherman 0-0: DOUBLE (Line Drive, 78D)
Juan Laguna scores
Armando Romero to third
Batting: RHB Guillermo Montepeque 0-0: Ball
1-0: Foul Ball, location: 2F
1-1: Ball
2-1: Foul Ball, location: 2F
2-2: Ball
3-2: Foul Ball, location: 2F
3-2: Foul Ball, location: 2F
3-2: Base on Balls
Batting: LHB Raymond Dudzinski 0-0: Foul Ball, location: 2F
0-1: Swinging Strike
0-2: Strikes out swinging
Top of the 8th over - 1 run, 2 hits, 0 errors, 3 left on base; Hammond 6 - Yellowknife 1
BOTTOM OF THE 8TH
Yellowknife Dragonblood batting - Pitching for Hammond Herons : RHP Gregory Bahena
Batting: RHB Cristo Cuervo 0-0: Called Strike
0-1: Called Strike
0-2: Ball
1-2: Foul Ball, location: 2F
1-2: Strikes out swinging
Batting: RHB Andy Garnet 0-0: Swinging Strike
0-1: Called Strike
0-2: Foul Ball, location: 2F
0-2: Foul Ball, location: 2F
0-2: Strikes out swinging
Batting: RHB Bill Boyd 0-0: Called Strike
0-1: Called Strike
0-2: Ball
1-2: Ball
2-2: Fly out, F8 (Flyball, 8RS)
Bottom of the 8th over - 0 runs, 0 hits, 0 errors, 0 left on base; Hammond 6 - Yellowknife 1
TOP OF THE 9TH
Hammond Herons batting - Pitching for Yellowknife Dragonblood : LHP Roberto Muñóz
Batting: RHB Norm Freshwater 0-0: Called Strike
0-1: Called Strike
0-2: Strikes out swinging
Batting: RHB Jong-beom Chang 0-0: Called Strike
0-1: Fly out, F9 (Flyball, 89XD)
Batting: RHB Landon Edwards 0-0: Called Strike
0-1: Ball
1-1: Ground out 3-1 (Groundball, 34)
Top of the 9th over - 0 runs, 0 hits, 0 errors, 0 left on base; Hammond 6 - Yellowknife 1
BOTTOM OF THE 9TH
Yellowknife Dragonblood batting - Pitching for Hammond Herons : RHP Gregory Bahena
Batting: RHB Juan López 0-0: Ball
1-0: Called Strike
1-1: Ground out U3 (Groundball, 34S)
Batting: LHB Jayden Laming 0-0: Ball
1-0: Foul Ball, location: 2F
1-1: Foul Ball, location: 2F
1-2: Foul Ball, location: 2F
1-2: Ground out 4-3 (Groundball, 4)
Batting: RHB Gilberto Clemente 0-0: Ball
1-0: DOUBLE (Flyball, 8LXD)
Pitching: RHP Bob Christison
Batting: LHB Santiago Miranda 0-0: Called Strike
0-1: Ball
1-1: Ball
2-1: Ball
3-1: Base on Balls
Batting: RHB Víctor Cuevas 0-0: Swinging Strike
0-1: Ball
1-1: Called Strike
1-2: Strikes out looking
Bottom of the 9th over - 0 runs, 1 hit, 0 errors, 2 left on base; Hammond 6 - Yellowknife 1
Tuesday, December 19th, 2017 - OOTP Baseball 18.8 Build 76